 Dungeon Crawl Stone Soup version 0.25-a0-705-ge9988fc0fb (webtiles) character file.

Game seed: 12107114674675880689, levelgen mode: deterministic

4498 15rune the Severer (level 10, 0/81 HPs)
             Began as a Hill Orc Fighter on Apr 4, 2020.
             Was an Initiate of Beogh.
             Slain by a two-headed ogre
             ... wielding a cursed -1 giant club
              (6 damage)
             ... on level 8 of the Dungeon.
             The game lasted 00:25:09 (9410 turns).

15rune the Severer (Hill Orc Fighter)               Turns: 9410, Time: 00:25:10

Health: 0/81       AC: 13    Str: 23    XL:     10   Next: 38%
Magic:  13/13      EV:  6    Int:  8    God:    Beogh [......]
Gold:   335        SH:  0    Dex: 10    Spells: 9/9 levels left

rFire    . . .     SeeInvis .   A - +0 battleaxe
rCold    . . .     Gourm    .   (shield currently unavailable)
rNeg     . . .     Faith    .   o - +0 plate armour
rPois    .         Spirit   .   (no helmet)
rElec    .         Reflect  .   c - +0 cloak (curse)
rCorr    +         Harm     .   (no gloves)
MR       .....                  (no boots)
Stlth    ..........             (no amulet)
HPRegen  0.23/turn              y - ring of resist corrosion
MPRegen  0.13/turn              (no ring)

@: lethally poisoned (0 -> -1), very slightly contaminated, invisible
A: no striking features
a: Renounce Religion


You were on level 8 of the Dungeon.
You worshipped Beogh.
Beogh was noncommittal.
You were not hungry.

You visited 2 branches of the dungeon, and saw 9 of its levels.
You also visited: Sewer.

You collected 335 gold pieces.

Inventory:

Hand Weapons
 a - a +0 war axe
 A - a +0 battleaxe (weapon)
Missiles
 w - 12 boomerangs (quivered)
 B - 202 stones
Armour
 c - a cursed +0 cloak (worn)
 o - a +0 plate armour (worn)
Jewellery
 e - an uncursed ring of ice
 j - an uncursed amulet of faith
 y - a ring of resist corrosion (left hand)
Wands
 k - a wand of flame (30)
 m - a wand of acid (3)
 t - a wand of paralysis (1)
Scrolls
 b - 3 scrolls of enchant weapon
 d - a scroll of fog
 h - a scroll of remove curse
 l - a scroll of immolation
 n - a scroll of teleportation
 p - a scroll of blinking {unknown}
 q - a scroll of magic mapping
 u - 2 scrolls of amnesia
 v - a scroll of fear
 F - a scroll of vulnerability {unknown}
Potions
 g - a potion of haste
 i - 2 potions of flight
 s - a potion of brilliance {unknown}
 x - a potion of magic {unknown}
 z - 2 potions of heal wounds {unknown}
 C - a potion of invisibility
Comestibles
 f - 15 rations
 r - 5 chunks of flesh


   Skills:
 - Level 5.0 Fighting
 * Level 16.4 Axes
 - Level 5.7 Armour
   Level 3.6 Shields
 + Level 4.1 Invocations


You had 9 spell levels left.
You didn't know any spells.
Your spell library contained the following spells:

 Spells                   Type           Power        Failure   Level  Hunger
 Beastly Appendage        Tmut           #.....       100%        1    ##.....
 Summon Butterflies       Summ           #.......     100%        1    ##.....
 Sticks to Snakes         Tmut           #.......     100%        2    ###....
 Call Canine Familiar     Summ           #.......     100%        3    ####...
 Spider Form              Tmut/Pois      #.........   100%        3    ####...
 Ice Form                 Ice/Tmut       #.......     100%        4    #####..
 Summon Ice Beast         Ice/Summ       #.......     100%        4    #####..
 Blade Hands              Tmut           #.........   100%        5    ######.
 Summon Mana Viper        Hex/Summ       #.......     100%        5    ######.
 Summon Hydra             Summ           #.........   100%        7    #######


Dungeon Overview and Level Annotations

Branches:
Dungeon (8/15)             Temple (1/1) D:4           Sewer (visited)
   Lair: D:8-11

Altars:
Ashenzari
Cheibriados
Dithmenos
Elyvilon
Fedhas
Hepliaklqana
Kikubaaqudgha
Makhleb
Nemelex Xobeh
Okawaru
Qazlal
Ru
Sif Muna
Trog
Wu Jian
Xom
Yredelemnul
Zin

Shops:
D:4 :


Message History

The scroll dissolves into smoke.
You feel sick.
The worker ant twitches its antennae in your direction.
The centaur shoots an arrow.
The arrow hits the worker ant but does no damage.
The centaur shoots an arrow.
The arrow completely misses the worker ant.
The arrow barely misses you. The worker ant bites you.
* * * LOW HITPOINT WARNING * * *
Unknown command.
Unknown command.
The centaur shoots an arrow.
The arrow hits you!
* * * LOW HITPOINT WARNING * * *
You see here an arrow.
Unknown command.
Okay, then.
Your surroundings suddenly seem different.
A two-headed ogre comes into view.
It is wielding a -1 giant club and a +0 giant club.
The two-headed ogre shouts in stereo!
The two-headed ogre hits you with a cursed -1 giant club.
You die...

############
#...........
#...@O....#
#.........#
#........[#
#...........
#........##.
...........
#.
...#####.....
#. .... ..##.
.. #.#.


You could see a two-headed ogre (wandering).

Vanquished Creatures
  A two-headed ogre (D:8)
  Pikel (D:4)
  Joseph (D:7)
  A hippogriff (D:7)
  A spriggan (D:7)
  2 steam dragons
  Grum (D:8)
  Menkaure (D:7)
  3 orc warriors
  2 ice beasts
  A phantom (D:8)
  A wolf (D:8)
  A centaur (D:6)
  A big kobold (D:7)
  4 bullfrogs
  A scorpion (D:4)
  3 wights (D:7)
  3 howler monkeys
  2 crimson imps (D:7)
  4 hounds
  A jelly (D:7)
  3 orc priests
  An iguana (D:4)
  3 orc wizards
  4 worker ants
  A hound skeleton (D:5)
  3 worker ant zombies
  3 gnolls
  6 river rats
  13 adders
  3 shadow imps (D:5)
  An adder skeleton (D:4)
  7 worms
  2 dart slugs
  3 leopard geckos
  17 orcs
  6 ball pythons
  8 giant cockroaches
  11 hobgoblins
  14 jackals
  11 kobolds
  2 quokkas
  11 bats
  10 frilled lizards
  8 goblins
  12 rats
  2 fungi (D:7)
201 creatures vanquished.

Vanquished Creatures (others)
  A slave (D:4)
  A scorpion (D:4)
  A centaur skeleton (D:4)
  2 gnolls (D:4)
  An adder skeleton (D:4)
  A leopard gecko (D:8)
  A fungus (D:7)
8 creatures vanquished.

Grand Total: 209 creatures vanquished

Notes
Turn   | Place    | Note
-------+----------+-------------------------------------------
     0 | D:1      | 15rune the Hill Orc Fighter began the quest for the Orb.
     0 | D:1      | Reached XP level 1. HP: 19/19 MP: 1/1
    24 | D:1      | Reached XP level 2. HP: 14/27 MP: 2/2
   288 | D:1      | Reached skill level 3 in Axes
   318 | D:1      | Reached XP level 3. HP: 20/33 MP: 3/3
  1101 | D:2      | Reached skill level 4 in Axes
  1101 | D:2      | Reached XP level 4. HP: 31/41 MP: 4/4
  1302 | D:2      | Found a sacrificial altar of Ru.
  1697 | D:2      | Found a bloodstained altar of Trog.
  2235 | D:2      | Reached XP level 5. HP: 44/47 MP: 5/5
  2256 | D:2      | Found a faded altar of an unknown god.
  2342 | D:2      | Found a burning altar of Makhleb.
  2505 | D:3      | Reached skill level 5 in Axes
  2594 | D:3      | Found a shattered altar of Ashenzari.
  3043 | D:3      | Found a glowing silver altar of Zin.
  3171 | D:3      | Found a snail-covered altar of Cheibriados.
  3177 | D:3      | Found a stormy altar of Qazlal.
  3374 | D:4      | Reached skill level 5 in Fighting
  3453 | D:4      | Reached XP level 6. HP: 54/56 MP: 6/6
  3477 | D:4      | Noticed Pikel
  3478 | D:4      | Noticed a slave
  3478 | D:4      | Noticed a slave
  3479 | D:4      | Noticed a slave
  3480 | D:4      | Noticed a slave
  3501 | D:4      | Killed Pikel
  3501 | D:4      | Reached skill level 8 in Axes
  3501 | D:4      | Reached skill level 5 in Armour
  3501 | D:4      | Reached XP level 7. HP: 56/61 MP: 7/7
  3888 | D:4      | Reached skill level 9 in Axes
  3897 | D:4      | Found a staircase to the Ecumenical Temple.
  4098 | D:4      | Reached XP level 8. HP: 68/68 MP: 8/8
  4298 | D:4      | Found Icirph's Book Shoppe.
  4411 | D:5      | Entered Level 5 of the Dungeon
  4844 | Temple   | Entered the Ecumenical Temple
  5174 | D:5      | Reached skill level 10 in Axes
  5490 | D:5      | Found an ornate altar of the Wu Jian Council.
  5712 | D:6      | Reached skill level 11 in Axes
  5885 | D:6      | Found a glowing drain.
  5911 | D:6      | Reached skill level 12 in Axes
  5919 | Sewer    | Entered a sewer
  6769 | D:6      | Became a worshipper of Beogh the Brigand
  7016 | D:7      | Reached XP level 9. HP: 74/74 MP: 9/9
  7072 | D:7      | Noticed Joseph
  7085 | D:7      | Killed Joseph
  7085 | D:7      | Reached skill level 13 in Axes
  7311 | D:7      | Reached skill level 14 in Axes
  7818 | D:7      | Noticed Menkaure
  7822 | D:7      | Killed Menkaure
  7822 | D:7      | Reached skill level 15 in Axes
  8657 | D:8      | Noticed a two-headed ogre
  8663 | D:8      | Killed a two-headed ogre
  8663 | D:8      | Reached skill level 16 in Axes
  8663 | D:8      | Reached XP level 10. HP: 72/81 MP: 9/12
  9313 | D:8      | Found a sparkling altar of Nemelex Xobeh.
  9371 | D:8      | Noticed Grum
  9387 | D:8      | Killed Grum
  9410 | D:8      | Noticed a two-headed ogre
  9410 | D:8      | Slain by a two-headed ogre

Levels and vault maps discovered:
D:1:      scummos_arrival_simple_crosswalls, layout_rooms, skrybe_limestone_x,
          chequers_mini_garden
D:2:      layout_basic, bloody_makhleb, old_standard_altar, first_ration,
          chequers_ecumenical_altar_simple, hangedman_ru_absence
D:3:      layout_rooms, overflow_temple_1_default, cheibriados_altar_1,
          zin_academy, cheibrodos_ashenzari_chains, hangedman_decor_push,
          minmay_misc_feat_secret_circle
D:4:      kennysheep_six_static_rooms, layout_basic, minmay_temple_entry_mist,
          serial_shops, nicolae_shop_temple_entry_statues_fountains, uniq_pikel
D:5:      layout_rooms, kennysheep_little_box
D:6:      layout_loops_ring, portal_sewer_entry_c, minmay_manual_mail
D:7:      kennysheep_steamy, layout_basic, the_bakery, minmay_chambers_of_fives,
          uniq_menkaure, uniq_joseph
D:8:      layout_basic, lemuel_round_altar, marbit_many_paths,
          lemuel_crystal_altar, vehumet_statue, kennysheep_mini, uniq_grum,
          uniq_erica
Temple:   grunt_temple_mini_profane

Skill      XL: |  1  2  3  4  5  6  7  8  9 10 |
---------------+-------------------------------+-----
Fighting       | 4 5 |  5.0
Axes           | 3 4 5 8 9 12 16 | 16.4
Armour         | 4 5 |  5.7
Invocations    | 3 4 |  4.1
Shields        | |  3.6

Action                   |  1- 3 |  4- 6 |  7- 9 | 10-12 || total
-------------------------+-------+-------+-------+-------++-------
Melee: War axe           |   131 |   181 |   279 |       ||   591
       Battleaxe         |       |       |   123 |    53 ||   176
Invok: Convert to Beogh  |       |       |     1 |       ||     1
Evoke: Wand              |       |     1 |     7 |     6 ||    14
  Use: Scroll            |       |     4 |     9 |     4 ||    17
       Potion            |       |     1 |     9 |     2 ||    12
 Stab: Paralysed         |       |       |     8 |     1 ||     9
       Invisible         |       |       |     1 |     1 ||     2
  Eat: Chunk             |       |     5 |    11 |     2 ||    18
       Ration            |       |     1 |     2 |       ||     3
Armor: Scale mail        |    84 |    58 |       |       ||   142
       Plate armour      |       |    32 |   233 |    26 ||   291
       Skin              |       |       |     7 |       ||     7
Dodge: Dodged            |    55 |    35 |    81 |    17 ||   188
Block: Kite shield       |   101 |    82 |   152 |       ||   335

Table legend:
 A = Non-vault XP
 B = Vault XP
 C = Vault XP percentage of total XP
 D = Non-vault monster count
 E = Vault monster count
 F = Vault count percentage of total count
                 A         B        C        D         E       F
            +---------+---------+-------+---------+---------+-------
      Total |    3836 |    2590 |  40.3 |     159 |      40 |  20.1
            +---------+---------+-------+---------+---------+-------
        D:1 |      74 |       0 |   0.0 |      32 |       0 |   0.0
        D:2 |     125 |       0 |   0.0 |      25 |       0 |   0.0
        D:3 |      44 |       0 |   0.0 |      22 |       0 |   0.0
        D:4 |     274 |     703 |  72.0 |      19 |       4 |  17.4
        D:5 |     325 |       0 |   0.0 |      13 |       0 |   0.0
        D:6 |     421 |     247 |  37.0 |      15 |      11 |  42.3
        D:7 |    1394 |    1075 |  43.5 |      26 |       6 |  18.8
        D:8 |    1179 |     500 |  29.8 |       7 |       3 |  30.0
      Sewer |       0 |      65 | 100.0 |       0 |      16 | 100.0
            +---------+---------+-------+---------+---------+-------
